 Dungeon Crawl Stone Soup version 0.32-a0-328-gd8048dd28f (webtiles) character file.

Game seed: 3618227374816500310

125 kae the Changeling (level 4, -2/25 HPs)
             Began as a Demonspawn Shapeshifter on Feb 16, 2024.
             Killed by divine providence
             ... invoked by an orc priest
              (11 damage)
             ... on level 2 of the Dungeon.
             The game lasted 00:01:39 (1613 turns).

kae the Changeling (Demonspawn Shapeshifter)        Turns: 1613, Time: 00:01:40

Health: -2/25      AC:  1    Str: 14    XL:     4   Next: 82%
Magic:  4/4        EV: 16    Int: 10    God:
Gold:   128        SH:  0    Dex: 15    Spells: 3/3 levels left

rFire   . .          .
                       - Unarmed
rCold   . . .        (shield currently unavailable)
rNeg    . . .        a - melded +0 animal skin
rPois   .            (no helmet)
rElec   .            (no cloak)
rCorr   .            (no gloves)
SInv    .            (no boots)
Will    .....        (no amulet)
Stlth   +            (no ring)
HPRegen 0.24/turn    (no ring)
MPRegen 0.09/turn

%: no passive effects
@: flux-form, glowing
A: glow, contaminating, reduced hp, rugged brown scales 1, ignite blood 1, spiny
1
a: Begin Untransformation, Convert to Beogh


You were on level 2 of the Dungeon.
You were something dangerously unstable.
You visited 1 branch of the dungeon, and saw 3 of its levels.

You collected 128 gold pieces.


Innate Abilities, Weirdness & Mutations

You are something dangerously unstable.
You glow with magical radiation, making you easy to see and hit.
Foes you strike become dangerously contaminated with magical radiation.
Your maximum health is decreased, since you lack skill for your form.
You are incapable of wielding weapons or throwing items.
You are partially covered in rugged brown scales. (AC +1, +3% HP)
Your demonic aura sometimes causes spilled blood to erupt in flames.
You are partially covered in sharp spines.


   Skills:
 - Level 1.0 Fighting
 - Level 1.7 Dodging
 - Level 2.6 Unarmed Combat
 + Level 4.8 Shapeshifting


You had 3 spell levels left.
You didn't know any spells.
Your spell library contained the following spells:

 Spells                   Type           Power      Damage    Failure   Level
 Lesser Beckoning         Tloc           0%         N/A       50%         2
 Gell's Gravitas          Tloc           0%         N/A       75%         3
 Teleport Other           Tloc           0%         N/A       75%         3

Inventory:

Missiles
 e - 14 stones (quivered)
Armour
 a - a +0 animal skin (melded)
Jewellery
 C - a ring of protection from cold
   (You found it on level 2 of the Dungeon)
 O - a +4 ring of protection
   (You found it on level 2 of the Dungeon)
 Z - a ring of wizardry
   (You found it on level 1 of the Dungeon)
Talismans
 c - a beast talisman
 d - a flux talisman (active)
Wands
 b - a wand of iceblast (9)
   (You took it off Ijyb on level 2 of the Dungeon)
Scrolls
 g - a scroll of enchant weapon {unknown}
 h - a scroll of identify {unknown}
 i - a scroll of noise {unknown}
 l - a scroll of summoning {unknown}
Potions
 f - a potion of curing {unknown}
 j - a potion of resistance {unknown}
 k - a potion of magic {unknown}

Dungeon Overview and Level Annotations

Branches:
Dungeon (3/15) Zot: 16391

Altars:
Gozag

Shops:
D:1

?:( ###..## #........[# ##
#.....# ##.....##### ##
.#####.#...###.......# ########.
#...##.#..........##.# #........
##..##.###.#<#.##.##.# #.#####..
#.#.##.....#......##.# #.##.....
...^...#######.##.##.# #.##.##..
###.##.### #.##.##.# #.##.##..
######...## #..p....# #........
.....#....# ###o..### ####.#.##
....ß#.#..# #...# #......
.....#....# #...# ##......
....ß##...######...#######.......
.....##...#.............#........
....ß#..............)............
.....##..##.............#........
....ß##..#######...#######.......


You could see an orc priest (misshapen).


Message History

You see here a +0 scale mail.
No target in view!
No target in view!
Found a stone staircase leading down.
An adder is nearby!
You barely miss the adder. The adder is struck by your spines.
The adder closely misses you.
You barely miss the adder. The adder bites you.
You are poisoned.
The adder poisons you! 😕 HP[-4]
You take 4 damage, and now have 20/24 hp.
You hit the adder.
The adder begins to glow.
You feel sick. The adder is struck by your spines. The adder barely misses you.
You hit the adder but do no damage.
The adder glows dangerously bright.
You feel sick. The adder is struck by your spines. The adder bites you.
You are more poisoned.
The adder poisons you! The adder bites you. 😮 HP[-5]
You take 5 damage, and now have 15/24 hp.
MASSIVE DAMAGE!! (PAUSE)
You closely miss the adder.
You feel sick. The adder is struck by your spines.
You kill the adder! 😮 HP[-2]
You now have 25 max hp (+1).
You take 2 damage, and now have 13/25 hp.
You feel sick.
You see here an adder corpse. 😨 HP[-1]
You take 1 damage, and now have 12/25 hp.
You feel sick. 😨 HP[-1]
You take 1 damage, and now have 11/25 hp.
You start resting.
You feel sick. x5
You are no longer poisoned. 😨 HP[-4]
You take 4 damage, and now have 7/25 hp.
Unknown command.
Found a stone staircase leading up. 😎 HP[+18]
Your hp is fully restored (25).
Found a stone staircase leading up.
Found a stone staircase leading down.
i - a scroll labelled POXI XIZXUER You now have 112 gold pieces (gained 7).
There is a stone staircase leading down here.
You see here a +0 helmet.
j - an orange potion
k - a glowing silvery potion
l - a scroll labelled EFFONI UJED
O - a +4 ring of protection You see here a +0 club.
You see here an adder skeleton.
Key pressed, stopping explore.
You now have 128 gold pieces (gained 16).
Key pressed, stopping explore.
There is a stone staircase leading up here.
You see here a +0 hand axe.
Partly explored, can't reach some places.
Partly explored, can't reach some places.
No target in view!
No target in view!
Partly explored, can't reach some places.
No target in view!
No target in view!
Partly explored, can't reach some places.
There is a stone staircase leading down here.
You climb downwards.
The orc shouts!
The orc priest shouts!
The orc shouts! x2
There is a stone staircase leading up here.
There are monsters nearby!
Okay, then.
The orc priest is struck by your spines.
The orc priest misses you.
You climb upwards.
There is a stone staircase leading down here.
Unknown command.
You hit the orc priest.
The orc priest begins to glow.
The orc priest hits you but does no damage.
You hit the orc priest.
The orc priest glows dangerously bright.
The orc priest mumbles some strange prayers to Beogh against you.
Beogh smites you!
The orc priest shouts, "The Pantheon deserves no one's loyalty.
Let us show you the true path!" (press Y on the ability menu to convert to Beogh) 😮 HP[-12]
You take 12 damage, and now have 13/25 hp.
MASSIVE DAMAGE!! (PAUSE)
You hit the orc priest.
The orc priest shudders as magic cascades through it.
The orc priest twists and deforms.
You barely miss the orc priest. The orc priest hits you with a +0 mace.
* * * LOW HITPOINT WARNING * * *
😨 HP[-5]
You take 5 damage, and now have 8/25 hp.
Unknown command.
You barely miss the orc priest.
The orc priest mumbles some strange prayers to Beogh against you.
Beogh smites you!
You die...

Skill      XL: |  1  2  3 |
---------------+----------+-----
Shapeshifting  | 3 4 |  4.8
Fighting       | |  1.0
Dodging        | |  1.7
Unarmed Combat | |  2.6

Action                     |  1- 3 |  4- 6 || total
---------------------------+-------+-------++-------
  Melee: Unarmed           |    93 |    24 ||   117
         Punch             |     2 |       ||     2
    Use: Scroll            |     1 |       ||     1
         Potion            |     1 |       ||     1
   Stab: Sleeping          |     1 |       ||     1
 Armour: Animal skin       |    36 |     3 ||    39
         Skin              |    10 |     9 ||    19
  Dodge: Dodged            |    39 |    14 ||    53
   Form: Flux              |       |     1 ||     1

Levels and vault maps discovered:
D:1:      dpeg_arrival_ratfight, layout_rooms, serial_shops,
          nicolae_shop_just_a_little_nook, shop_statue, nicolae_diamond_shop,
          serial_corexii_hall, corexii_hall_statues_l,
          chequers_hall_statues_corner_a
D:2:      kennysheep_the_goblin_king, layout_loops_cross, basic_altar,
          minmay_shallow_snake_nest
D:3:      layout_loops_ring, chequers_serial_rivers_room_b

Notes
Turn   | Place    | Note
-------+----------+-------------------------------------------
     0 | D:1      | kae the Demonspawn Shapeshifter began the quest for the
                  | Orb.
     0 | D:1      | Reached XP level 1. HP: 15/15 MP: 1/1
     0 | D:1      | magus.rc [v1.11.3]
     4 | D:1      | Found Ihufishri's Magic Scroll Boutique.
    72 | D:1      | Reached skill level 3 in Shapeshifting
   107 | D:1      | Gained mutation: Your demonic aura sometimes causes spilled
                  | blood to erupt in flames. [demonic ancestry]
   107 | D:1      | Reached XP level 2. HP: 17/21 MP: 2/2
   204 | D:1      | Found Xosoi's Book Emporium.
   267 | D:1      | Found Rupedeim's Weapon Boutique.
   369 | D:1      | Gained mutation: You are partially covered in rugged brown
                  | scales. (AC +1, +3% HP) [demonic ancestry]
   369 | D:1      | Reached XP level 3. HP: 19/26 MP: 3/3
   713 | D:2      | Reached skill level 4 in Shapeshifting
   926 | D:2      | Gained mutation: You are partially covered in sharp spines.
                  | [demonic ancestry]
   926 | D:2      | Reached XP level 4. HP: 25/32 MP: 4/4
   997 | D:2      | Noticed Ijyb
  1061 | D:2      | Killed Ijyb
  1137 | D:2      | Found an opulent altar of Gozag.
  1144 | D:2      | You pick up a book of Displacement and begin reading...
  1144 | D:2      | You add the spells Lesser Beckoning, Gell's Gravitas and
                  | Teleport Other to your library.
  1149 | D:2      | Identified the beast talisman of Trumpets {rPois rC+ rN+++
                  | Str-5}
  1613 | D:2      | Killed from afar by an orc priest

Vanquished Creatures
  Ijyb (D:2)
  3 adders (D:2)
  A dart slug (D:1)
  A ribbon worm (D:2)
  4 endoplasms (D:1)
  3 giant cockroaches (D:1)
  11 goblins
  A hobgoblin (D:1)
  6 ball pythons (D:2)
  2 bats
  A kobold (D:1)
  6 rats (D:1)
40 creatures vanquished.

Table legend:
 A = Non-vault XP
 B = Vault XP
 C = Vault XP percentage of total XP
 D = Non-vault monster count
 E = Vault monster count
 F = Vault count percentage of total count
                 A         B        C        D         E       F
            +---------+---------+-------+---------+---------+-------
      Total |      88 |      91 |  50.8 |      22 |      18 |  45.0
            +---------+---------+-------+---------+---------+-------
        D:1 |      44 |      10 |  18.5 |      15 |       5 |  25.0
        D:2 |      44 |      81 |  64.8 |       7 |      13 |  65.0
            +---------+---------+-------+---------+---------+-------

Skill      XL: |  1  2  3 |
---------------+----------+-----
Shapeshifting  | 3 4 |  4.8
Fighting       | |  1.0
Dodging        | |  1.7
Unarmed Combat | |  2.6

Action                     |  1- 3 |  4- 6 || total
---------------------------+-------+-------++-------
  Melee: Unarmed           |    93 |    24 ||   117
         Punch             |     2 |       ||     2
    Use: Scroll            |     1 |       ||     1
         Potion            |     1 |       ||     1
   Stab: Sleeping          |     1 |       ||     1
 Armour: Animal skin       |    36 |     3 ||    39
         Skin              |    10 |     9 ||    19
  Dodge: Dodged            |    39 |    14 ||    53
   Form: Flux              |       |     1 ||     1

Illustrated notes

Table legend:
 A = Kills in this place as a percentage of kills in the entire game.
 B = Kills by you in this place as a percentage of kills by you in the entire game.
 C = Kills by friends in this place as a percentage of kills by friends in the entire game.
 D = Other kills in this place as a percentage of other kills in the entire game.
 E = Experience gained in this place as a percentage of experience gained in the entire game.
 F = Experience gained in this place divided by the number of levels of this place that you have seen.
                   A       B       C       D       E      F
               +-------+-------+-------+-------+-------+----------------------
         Total | 100.0 | 100.0 |   N/A |   N/A | 100.0 |  59.7
       Dungeon | 100.0 | 100.0 |   N/A |   N/A | 100.0 |  59.7
               +-------+-------+-------+-------+-------+----------------------

Table legend: (Time is in decaauts)
 A = Elapsed time spent in this place.
 B = Non-inter-level travel time spent in this place.
 C = Inter-level travel time spent in this place.
 D = Time resting spent in this place.
 E = Time spent auto-exploring this place.
 F = Levels seen in this place.
 G = Mean time per level.
                   A        B        C        D        E       F      G
               +--------+--------+--------+--------+--------+-----+--------+
         Total |   1607 |   1515 |     92 |     90 |   1164 |   3 |  535.7 |
       Dungeon |   1607 |   1515 |     92 |     90 |   1164 |   3 |  535.7 |
               +--------+--------+--------+--------+--------+-----+--------+

Top non-repeatable levels by time:
     D:2: 933 daAuts
     D:1: 671 daAuts
     D:3: 2 daAuts
